 Dungeon Sprint DCSS version 0.27-a0-385-g3208abaabc (webtiles) character file.

Game seed: 4043547377600634333

1590 mhtbhm the Protected (level 8, 0/82 HPs)
             Began as a Minotaur Fighter on Feb 19, 2021.
             Was a High Priest of Trog.
             Slain by Erica
             ... wielding a +1 scimitar of flaming
              (11 damage)
             ... in the Dungeon (Sprint VII: "The Pits").
             The game lasted 00:02:19 (1269 turns).

mhtbhm the Protected (Minotaur Fighter)             Turns: 1269, Time: 00:02:19

Health: 0/82       AC: 12    Str: 23    XL:     8   Next: 61%
Magic:  2/2        EV: 10    Int:  5    God:    Trog [*****.]
Gold:   0          SH: 12    Dex: 10    Spells: 7/7 levels left

rFire    . . .     SeeInvis .   a - +0 war axe (antimagic)
rCold    . . .     Faith    .   c - +0 kite shield
rNeg     . . .     Spirit   .   b - +3 scale mail
rPois    .         Reflect  .   (helmet restricted)
rElec    .         Harm     .   (no cloak)
rCorr    .         Rampage  .   (no gloves)
Will     .....     NoTele   +   (no boots)
Stlth    ..........             (no amulet)
HPRegen  0.23/turn              (no ring)
MPRegen  0.08/turn              (no ring)

@: berserk cooldown, slowed, very slow
A: retaliatory headbutt, horns 2
a: Renounce Religion, Berserk, Trog's Hand, Brothers in Arms


You were in the Dungeon.
You worshipped Trog.
Trog was extremely pleased with you.
You visited 1 branch

Inventory:

Hand Weapons
 a - a +0 antimagic war axe (weapon)
Armour
 b - a +3 scale mail (worn)
 c - a +0 kite shield (worn)
Scrolls
 j - a scroll of blinking
 m - a scroll of summoning
Potions
 d - a potion of might
 e - 5 potions of curing
 f - 2 potions of heal wounds
 g - a potion of haste
 h - 4 potions of magic
 i - 3 potions of berserk rage
 k - 2 potions of invisibility


   Skills:
 + Level 11.1 Fighting
 + Level 11.8 Axes
 + Level 12.1 Armour
 + Level 3.1 Dodging
 + Level 11.9 Shields


You had 7 spell levels left.
You didn't know any spells.
Your spell library was empty.

Dungeon Overview and Level Annotations

Branches:
Dungeon (1/1)

Altars:
Cheibriados
Dithmenos
Elyvilon
Fedhas
Gozag
Hepliaklqana
Makhleb
Nemelex Xobeh
Okawaru
Qazlal
Ru
Sif Muna
Trog
Vehumet
Wu Jian
Xom
Yredelemnul
Zin
The Shining One
Beogh
Jiyva
Lugonu

Annotations:
D Erica


Innate Abilities, Weirdness & Mutations

You reflexively headbutt those who attack you in melee.
You have a pair of horns on your head.


Message History

Trog accepts your kill.
Your Fighting skill increases to level 11!
Your Axes skill increases to level 11!
Your Armour skill increases to level 12!
Your Dodging skill gained 2 levels and is now at level 3!
You have reached level 8!
You feel stronger.
Unknown command.
You closely miss something. Your headbutt misses something.
You barely miss something. Something hits you.
* * * LOW HITPOINT WARNING * * *
Something burns you.
* * * LOW HITPOINT WARNING * * *
You hit something. You headbutt something!
Something hits you but does no damage.
You miss something. Your headbutt misses something. Something hits you.
* * * LOW HITPOINT WARNING * * *
Something burns you.
* * * LOW HITPOINT WARNING * * *
You miss something. You barely miss something. Something hits you.
* * * LOW HITPOINT WARNING * * *
Something burns you.
* * * LOW HITPOINT WARNING * * *
You slice something!! Your headbutt misses something.
You are no longer berserk.
You are exhausted.
You feel as though you will be slow longer.
Something hits you but does no damage.
You closely miss something. You headbutt something.
Erica appears from thin air!
Reactivating autopickup.
Erica barely misses you.
You hit Erica.
Erica's magic leaks into the air.
Erica is severely wounded.
Erica hits you but does no damage. x2
You hit Erica.
Erica's magic leaks into the air.
You headbutt Erica.
Erica is almost dead.
Erica hits you with a +1 scimitar of flaming!
You die...

#.##'#.....##...<...#
#.#........##.......#
#.#........##.......#
#'###########.......#
#[).....#.. #########
#...#...#.######
#...#...#.#....#
#.##.##.#)#....#
#...#...#@@h...+
#...#...#'#....#
#.......).#....#
################


You could see Erica and a hound.

Vanquished Creatures
  A death yak (D)
  A bog body (D)
  A fire bat (D)
  A warg (D)
  A crimson imp (D)
  2 orc priests (D)
  2 orc wizards (D)
  A worker ant (D)
  A gnoll (D)
  A river rat (D)
  An adder (D)
  2 oozes (D)
  7 orcs (D)
  A giant cockroach (D)
  A goblin (D)
  A bat (D)
  A frilled lizard (D)
  3 rats (D)
29 creatures vanquished.

Notes
Turn   | Place    | Note
-------+----------+-------------------------------------------
     0 | D        | mhtbhm the Minotaur Fighter began the quest for the Orb.
     0 | D        | Reached XP level 1. HP: 19/19 MP: 0/0
    11 | D        | Reached skill level 4 in Armour
    11 | D        | Reached XP level 2. HP: 28/28 MP: 1/1
    40 | D        | Found a bloodstained altar of Trog.
    40 | D        | Found a shimmering blue altar of Sif Muna.
    40 | D        | Found a viscous altar of Jiyva.
    40 | D        | Found a hazy altar of Hepliaklqana.
    40 | D        | Found an opulent altar of Gozag.
    41 | D        | Found a glowing golden altar of the Shining One.
    41 | D        | Found a glowing silver altar of Zin.
    41 | D        | Found a basalt altar of Yredelemnul.
    41 | D        | Found a shimmering altar of Xom.
    41 | D        | Found an ornate altar of the Wu Jian Council.
    41 | D        | Found a sacrificial altar of Ru.
    41 | D        | Found a stormy altar of Qazlal.
    41 | D        | Found an iron altar of Okawaru.
    41 | D        | Found a sparkling altar of Nemelex Xobeh.
    41 | D        | Found a burning altar of Makhleb.
    41 | D        | Found a blossoming altar of Fedhas.
    41 | D        | Found a white marble altar of Elyvilon.
    41 | D        | Found a shadowy altar of Dithmenos.
    41 | D        | Found a snail-covered altar of Cheibriados.
    43 | D        | Found a radiant altar of Vehumet.
    43 | D        | Found a corrupted altar of Lugonu.
    43 | D        | Found a roughly hewn altar of Beogh.
    45 | D        | Became a worshipper of Trog the Wrathful
    63 | D        | Reached skill level 5 in Fighting
    63 | D        | Reached skill level 5 in Armour
    63 | D        | Reached skill level 5 in Shields
   144 | D        | Reached * piety under Trog
   145 | D        | Reached XP level 3. HP: 30/36 MP: 2/2
   156 | D        | Noticed a fire bat
   160 | D        | Reached ** piety under Trog
   163 | D        | Killed a fire bat
   164 | D        | Reached skill level 8 in Armour
   164 | D        | Reached XP level 4. HP: 14/47 MP: 3/3
   164 | D        | Reached XP level 5. HP: 16/52 MP: 4/4
   457 | D        | Reached *** piety under Trog
   465 | D        | Reached XP level 6. HP: 49/62 MP: 5/5
   467 | D        | Reached skill level 9 in Armour
   467 | D        | Reached **** piety under Trog
   479 | D        | Reached ***** piety under Trog
   782 | D        | Noticed a bog body
   789 | D        | Killed a bog body
   790 | D        | Reached skill level 10 in Fighting
   790 | D        | Reached skill level 10 in Axes
   790 | D        | Reached skill level 11 in Armour
   790 | D        | Reached skill level 1 in Dodging
   790 | D        | Reached skill level 10 in Shields
   790 | D        | Reached XP level 7. HP: 15/72 MP: 6/6
  1053 | D        | Received a gift from Trog
  1228 | D        | Noticed a death yak
  1228 | D        | Noticed Erica
  1259 | D        | Killed a death yak
  1260 | D        | Reached skill level 12 in Armour
  1260 | D        | Reached XP level 8. HP: 27/82 MP: 2/7
  1269 | D        | Slain by Erica

Illustrated notes

Levels and vault maps discovered:
D:        pitsprint [storerooms_1, entrance_room_1, metal_vault_3, armoury_3,
          mini_pit_1, grid_room_1, main_hall_1, silver_pit, the_coven_2,
          the_vestibule_1, steel_vault_4, golden_pit, hallway_of_sentries,
          crystal_vault_3, iron_vault_4, final_vault]

Skill      XL: |  1  2  3  4  5  6  7 |
---------------+----------------------+-----
Fighting       | 4 5 7 8 10 11 | 11.1
Armour         | 4 5 8 11 12 | 12.1
Shields        | 4 5 7 8 10 11 | 11.9
Axes           | 3 6 10 11 | 11.8
Dodging        | 1 3 |  3.1

Action                   |  1- 3 |  4- 6 |  7- 9 || total
-------------------------+-------+-------+-------++-------
Melee: Headbutt          |     3 |     5 |    14 ||    22
       War axe           |     1 |       |    32 ||    33
       Hand axe          |    24 |    37 |    11 ||    72
Invok: Berserk           |     1 |       |     1 ||     2
  Use: Potion            |       |     1 |     4 ||     5
Armor: Scale mail        |    12 |    16 |    13 ||    41
Dodge: Dodged            |     5 |    10 |    11 ||    26
Block: Kite shield       |    17 |    12 |    21 ||    50

Table legend: (Time is in decaauts)
 A = Elapsed time spent in this place.
 B = Non-inter-level travel time spent in this place.
 C = Inter-level travel time spent in this place.
 D = Time resting spent in this place.
 E = Time spent auto-exploring this place.
 F = Levels seen in this place.
 G = Mean time per level.
                   A        B        C        D        E       F      G
               +--------+--------+--------+--------+--------+-----+--------+
         Total |   1312 |   1312 |      0 |   1015 |     29 |   1 | 1312.0 |
       Dungeon |   1312 |   1312 |      0 |   1015 |     29 |   1 | 1312.0 |
               +--------+--------+--------+--------+--------+-----+--------+

Top non-repeatable levels by time:
       D: 1312 daAuts
